 Dungeon Crawl Stone Soup version 0.32-a0-42-ga30500b4d3 (webtiles) character file.

Game seed: 13393044945549278058

100136 drugrobin the Black Belt (level 15, -16/118 HPs)
             Began as a Demigod Delver on Jan 27, 2024.
             Demolished by a very large slime creature (55 damage)
             ... on level 14 of the Dungeon.
             The game lasted 01:20:05 (23661 turns).

drugrobin the Black Belt (Demigod Delver)          Turns: 23661, Time: 01:20:06

Health: -16/118    AC: 13    Str: 27    XL:     15   Next: 34%
Magic:  18/18      EV: 24    Int: 16    God:
Gold:   2417       SH:  8    Dex: 28    Spells: 10/14 levels left

rFire   . .          .
                       - Unarmed
rCold   . . .        l - +2 buckler
rNeg    . . .        u - melded +1 swamp dragon scales
rPois   .            d - +2 hat {Will+}
rElec   +            s - +2 cloak of the Louse {SInv Stlth+}
rCorr   .            a - +1 pair of gloves of the Gloaming {rElec}
SInv    +            v - +1 pair of boots {Fly}
Will    ++...        g - amulet of regeneration
Stlth   +++++        W - ring of Uskayaw's Outrage {Str+6 Dex+5}
HPRegen 1.19/turn    K - +4 ring of protection
MPRegen 0.16/turn

%: no passive effects
@: maw-form, flying, studying Evocations
A: devouring maw, high MP 1, forlorn, divine attributes
a: Begin Untransformation


You were on level 14 of the Dungeon.
You were a creature with a mouth for a stomach.
You visited 4 branches of the dungeon, and saw 22 of its levels.
You also visited: Trove and Ice Cave.

You collected 3294 gold pieces.
You spent 877 gold pieces at shops.

Inventory:

Missiles
 j - 4 throwing nets
 D - 18 curare-tipped darts
 N - 15 boomerangs (quivered)
Armour
 a - the +1 pair of gloves of the Gloaming (worn) {rElec}
   (You found it in a treasure trove)

   rElec:     It insulates you from electricity.
 d - a +2 hat of willpower (worn)
 k - the +2 scale mail "Poleps" {-Cast rElec Dex+3 SInv}
   (You found it in a treasure trove)

   Dex+3:     It affects your dexterity (+3).
   rElec:     It insulates you from electricity.
   SInv:      It lets you see invisible.
   -Cast:     It prevents spellcasting.
 l - a +2 buckler (worn)
 n - the +18 shield of the Gong {Loud rN+ Will+ rCorr EV-5}
   (You found it in a treasure trove)

   Loud:      It is deafeningly noisy when blocking attacks.
   EV-5:      It affects your evasion (-5).
   rN+:       It protects you from negative energy.
   Will+:     It increases your willpower.
   rCorr:     It protects you from acid and corrosion.
 s - the +2 cloak of the Louse (worn) {SInv Stlth+}
   (You found it in a treasure trove)

   SInv:      It lets you see invisible.
   Stlth+:    It makes you more stealthy.
 u - +1 swamp dragon scales (melded)
 v - a +1 pair of boots of flying (worn)
 C - the +3 hat of Pondering {ponderous, Will+ MP+10 Int+5}
   (You took it off Gastronok on level 1 of the Orcish Mines)

   Int+5:     It affects your intelligence (+5).
   Will+:     It increases your willpower.
   MP+10:     It affects your magic capacity (+10).
Jewellery
 g - an amulet of regeneration (around neck)
 m - a ring of resist corrosion
 q - a ring of fire
 J - a ring of ice
 K - a +4 ring of protection (right hand)
 W - the ring of Uskayaw's Outrage (left hand) {Str+6 Dex+5}
   (You found it on level 1 of the Lair of Beasts)

   [ring of strength]

   Str+6:     It affects your strength (+6).
   Dex+5:     It affects your dexterity (+5).
Talismans
 y - a maw talisman (active)
 B - a blade talisman
Wands
 f - a wand of digging (11)
 h - a wand of paralysis (11)
 M - a wand of light (4)
 S - a wand of roots (18)
 T - a wand of polymorph (4)
 Y - a wand of mindburst (25)
 Z - a wand of flame (39)
Scrolls
 o - 2 scrolls of fear
 w - 4 scrolls of identify
 z - 3 scrolls of summoning
 F - 8 scrolls of immolation
 G - 2 scrolls of poison
 I - a scroll of fog
 L - 8 scrolls of teleportation
 O - 3 scrolls of silence
 P - 10 scrolls of vulnerability
 Q - 7 scrolls of revelation
Potions
 e - 7 potions of haste
 i - 3 potions of cancellation
 p - 7 potions of curing
 r - 2 potions of heal wounds
 t - 2 potions of lignification
 x - 2 potions of might
 A - 4 potions of invisibility
 H - 4 potions of attraction
 X - a potion of berserk rage
Miscellaneous
 E - a lightning rod (4/4)


   Skills:
 + Level 7.5 Fighting
 + Level 11.8 Dodging
 - Level 4.5 Stealth
 + Level 16.5 Unarmed Combat
 - Level 10.0 Evocations
 + Level 13.3 Shapeshifting


You had 10 spell levels left.
You knew the following spells:

 Your Spells              Type           Power      Damage    Failure   Level
a - Blink                 Tloc           0%         N/A       41%         2
b - Call Imp              Summ           0%         N/A       41%         2

Your spell library contained the following spells:

 Spells                   Type           Power      Damage    Failure   Level
 Apportation              Tloc           0%         N/A       30%         1
 Magic Dart               Conj           0%         1d3       30%         1
 Shock                    Conj/Air       0%         1d3       30%         1
 Ensorcelled Hibernation  Hex/Ice        0%         N/A       41%         2
 Jinxbite                 Hex            0%         N/A       41%         2
 Momentum Strike          Conj/Tloc      0%         3d8       41%         2
 Call Canine Familiar     Summ           0%         N/A       65%         3
 Fugue of the Fallen      Necr           0%         N/A       65%         3
 Passwall                 Erth           0%         N/A       65%         3
 Sigil of Binding         Hex            0%         N/A       65%         3
 Swiftness                Air            0%         N/A       65%         3
 Tukima's Dance           Hex            0%         N/A       65%         3
 Airstrike                Air            0%         2d(0-16)  96%         4
 Anguish                  Hex/Necr       0%         N/A       96%         4
 Animate Armour           Summ/Erth      0%         N/A       96%         4
 Dimensional Bullseye     Hex/Tloc       0%         N/A       96%         4
 Passage of Golubria      Tloc           0%         N/A       96%         4
 Summon Lightning Spire   Summ/Air       0%         N/A       96%         4
 Alistair's Intoxication  Alch           0%         N/A       100%        5
 Iskenderun's Battlesphe  Conj           0%         2d6       100%        5
 Lee's Rapid Deconstruct  Erth           0%         3d4*      100%        5
 Yara's Violent Unravell  Hex/Alch       0%         3d3       100%        5
 Bombard                  Conj/Erth      0%         9d1       100%        6
 Spellforged Servitor     Conj/Summ      0%         N/A       100%        7


Dungeon Overview and Level Annotations

Branches:
Dungeon (14/15)            Temple (0/1) D:5            Lair (5/5) D:8
  Swamp (1/4) Lair:2        Snake (0/4) Lair:2        Slime (0/5) Lair:4
    Orc (2/2) D:12            Elf (0/3) Orc:2         IceCv (visited)
 Vaults: D:13-14

Shops:
D:1 ?(   D:3 (   D:14 ?   Orc:2 ?[(?

Annotations:
Lair:3 exclusion: oklob plant
Orc:1 2 transporters, cforsyth's ghost, journeyman DjEn


Innate Abilities, Weirdness & Mutations

You are a creature with a mouth for a stomach.
Your midsection houses a second, enormous mouth.
You have an increased reservoir of magic. (+10% MP)
You shall have no god before yourself.
Your divine heritage dramatically boosts your attributes as you level up.


Message History

Two slime creatures merge to form a large slime creature.
A slime creature comes into view.
You completely miss the large slime creature.
You bite the large slime creature!
The large slime creature is lightly wounded.
Two slime creatures merge to form a very large slime creature.
Unknown command.
You hit the very large slime creature. You bite the very large slime creature!
The very large slime creature is lightly wounded.
Two slime creatures merge to form an enormous slime creature.
A slime creature comes into view.
The enormous slime creature attacks as it pursues you!
The enormous slime creature hits you.
You pummel the enormous slime creature!!
You bite the enormous slime creature!!
The enormous slime creature is moderately wounded.
You pummel the enormous slime creature!!
The enormous slime creature is moderately wounded.
The enormous slime creature barely misses you.
Two slime creatures merge to form a titanic slime creature.
You pummel the titanic slime creature!! You bite the titanic slime creature.
The titanic slime creature is heavily wounded.
You punch the titanic slime creature!
Your bite misses the titanic slime creature.
The titanic slime creature is heavily wounded.
A slime creature comes into view.
A titanic slime creature splits.
You pummel the large slime creature!! You bite the large slime creature!
The large slime creature is severely wounded.
Unknown command.
You punch the large slime creature! You bite the large slime creature!
The large slime creature is almost dead.
A large slime creature splits.
The very large slime creature hits you!!!
Unknown command.
You hit the slime creature. You bite the slime creature.
You kill the slime creature!
The slime creature barely misses you.
The very large slime creature hits you!!!
You die...

######
##+######
......###
#.......#
...J..J.#
#.......#
#)#####.......#
#.)JJ##....†..#
####W.#.......#
##.#.......#
#.'.......#
###.......# .
#.......# ###.
#####'### #..
##.# #.# #..#
##.#####
#######.##


You could see a very large slime creature and 2 slime creatures.

Vanquished Creatures
  An orc warlord (Orc:2)
  An eleionoma (Swamp:1)
  The ghost of Azoth the Basher, a journeyman GrFi of the Shining One (D:10)
  An ogre mage (Orc:1)
  Erolcha (D:9)
  Harold (Orc:1)
  A catoblepas (Lair:5)
  3 centaur warriors
  10 hydras
  A death knight (D:14)
  3 death yaks
  4 boulder beetles
  7 two-headed ogres
  An orc high priest (Orc:2)
  A tengu warrior (D:13)
  3 skysharks
  Nergalle (Orc:1)
  Amaemon (D:8)
  A goliath frog (Swamp:1)
  An arcanist (D:13)
  Pikel (D:8)
  A death drake (D:13)
  A sun moth (Orc:1)
  A lindwurm (Lair:5)
  A wolf spider (Lair:5)
  3 orc sorcerers
  6 manticores
  5 ugly things
  A deep elf pyromancer (D:14)
  An orc knight (Orc:2)
  13 elephants (Lair:4)
  A salamander (Lair:2)
  3 cyclopes
  A will-o-the-wisp (Swamp:1)
  A guardian serpent (Lair:5)
  3 ice statues (IceCv)
  11 black mambas
  3 torpor snails
  5 kobold blastminers
  A gargoyle (D:12)
  An orange demon (D:8)
  12 komodo dragons
  Maggie (Lair:2)
  19 cane toads
  8 rime drakes
  Jeremiah (D:8)
  3 kobold demonologists
  An unseen horror (D:11)
  3 freezing wraiths
  6 trolls
  A polar bear (Lair:1)
  2 hornets (Lair:5)
  13 blink frogs
  Prince Ribbit (D:6)
  18 slime creatures
  3 dream sheep
  A spriggan (shapeshifter) (D:14)
  2 dire elephant simulacra (IceCv)
  A shadow (D:11)
  3 vampires
  5 wraiths
  40 yaks
  23 wyverns
  2 steam dragons
  A steam dragon (shapeshifter) (D:14)
  2 wargs
  3 redbacks (Lair:5)
  5 vampire mosquitoes
  15 basilisks
  3 nagas (Lair:2)
  An acid dragon (D:11)
  A hell hound (Lair:5)
  28 water moccasins
  24 orc warriors
  A hydra simulacrum (IceCv)
  4 black bears
  An ice beast (D:8)
  3 sky beasts
  2 laughing skulls (D:14)
  2 boggarts (D:14)
  18 wolves
  6 ogres
  12 centaurs
  4 phantoms
  A lemure (D:8)
  18 kobold brigands
  11 bullfrogs
  2 gnoll sergeants
  4 scorpions
  3 cane toad simulacra (IceCv)
  13 wights
  2 elephant simulacra (IceCv)
  A killer bee (D:11)
  A nameless horror (Lair:3)
  An electric eel (Lair:2)
  4 howler monkeys
  A bombardier beetle (D:5)
  6 hounds
  A jelly (D:7)
  15 orc priests
  Crazy Yiuf (D:2)
  A gnoll bouda (D:4)
  Jessica (D:2)
  4 iguanas
  23 orc wizards
  3 hell rats (Lair:5)
  A statue (D:8)
  A polar bear simulacrum (IceCv)
  Robin (D:2)
  16 gnolls
  6 adders
  A shadow imp (D:7)
  13 white imps
  4 ufetubi
  3 ribbon worms
  80 orcs
  6 bats
  4 endoplasms
  2 giant cockroaches
  11 goblins
  11 hobgoblins
  4 jackals (D:1)
  A quokka (D:1)
  5 ball pythons
  A frilled lizard (D:1)
  30 kobolds
  6 rats
737 creatures vanquished.

Vanquished Creatures (collateral kills)
  Gastronok (Orc:1)
  An iguana (Lair:2)
2 creatures vanquished.

Vanquished Creatures (others)
  4 foxfires (Swamp:1)
4 creatures vanquished.

Grand Total: 743 creatures vanquished

Notes
Turn   | Place    | Note
-------+----------+-------------------------------------------
     0 | D:5      | drugrobin the Demigod Delver began the quest for the Orb.
     0 | D:5      | Reached XP level 1. HP: 18/18 MP: 3/3
    44 | D:3      | Reached skill level 2 in Unarmed Combat
   313 | D:1      | Reached XP level 2. HP: 25/25 MP: 4/4
   327 | D:1      | Found Overph's Magic Scroll Shoppe.
   377 | D:1      | Bought a scroll of identify for 20 gold pieces
   386 | D:1      | Bought a scroll of noise for 10 gold pieces
   439 | D:1      | Reached skill level 3 in Unarmed Combat
   465 | D:1      | Found a transporter.
   465 | D:1      | Found Waoworav's Weapon Emporium.
   517 | D:1      | Found a transporter.
   939 | D:1      | Reached XP level 3. HP: 30/30 MP: 5/5
  1228 | D:2      | Noticed Robin
  1265 | D:2      | Killed Robin
  1266 | D:2      | Reached skill level 4 in Unarmed Combat
  1559 | D:2      | Noticed Jessica
  1565 | D:2      | Killed Jessica
  1566 | D:2      | Reached XP level 4. HP: 19/37 MP: 6/6
  1708 | D:2      | Found a runed translucent door.
  1709 | D:2      | Noticed Crazy Yiuf
  1854 | D:3      | Found Wanipt's Antique Weapon Emporium.
  2160 | D:3      | Noticed a phantom
  2183 | D:3      | Killed a phantom
  2184 | D:3      | Reached skill level 5 in Unarmed Combat
  2184 | D:3      | Reached XP level 5. HP: 37/42 MP: 7/7
  2891 | D:4      | Reached skill level 6 in Unarmed Combat
  2907 | D:5      | Reached XP level 6. HP: 50/50 MP: 8/8
  3173 | D:5      | Found a staircase to the Ecumenical Temple.
  3176 | D:5      | Reached skill level 7 in Unarmed Combat
  3226 | D:5      | Reached XP level 7. HP: 56/56 MP: 9/9
  3515 | D:5      | Reached skill level 8 in Unarmed Combat
  3910 | D:1      | Bought 3 scrolls of immolation for 120 gold pieces
  3910 | D:1      | Bought a scroll of vulnerability for 40 gold pieces
  3910 | D:1      | Bought a scroll of poison for 40 gold pieces
  3910 | D:1      | Bought a scroll of identify for 20 gold pieces
  3910 | D:1      | Bought a scroll of fear for 40 gold pieces
  3921 | D:1      | Identified a scroll of acquirement
  3923 | D:1      | Acquired a manual of Evocations
  3969 | D:2      | Killed Crazy Yiuf
  4218 | D:6      | Reached skill level 9 in Unarmed Combat
  4373 | D:6      | Reached XP level 8. HP: 60/62 MP: 10/10
  4578 | D:6      | Noticed a manticore
  4585 | D:6      | Reached skill level 10 in Unarmed Combat
  4658 | D:7      | Reached skill level 1 in Shapeshifting
  5121 | D:7      | Noticed Prince Ribbit
  5153 | D:6      | Killed Prince Ribbit
  5467 | D:7      | Reached XP level 9. HP: 17/68 MP: 11/11
  5862 | D:8      | Found a staircase to the Lair.
  5932 | D:8      | Noticed Pikel
  5968 | D:8      | Killed Pikel
  5969 | D:8      | Reached skill level 11 in Unarmed Combat
  6045 | D:8      | Reached skill level 5 in Shapeshifting
  6240 | D:6      | Killed a manticore
  6393 | D:8      | Noticed Amaemon
  6399 | D:8      | Noticed an orange demon
  6416 | D:8      | Killed Amaemon
  6435 | D:8      | Killed an orange demon
  6436 | D:8      | Reached XP level 10. HP: 48/74 MP: 13/13
  6571 | D:8      | Noticed a boulder beetle
  6936 | D:8      | Killed a boulder beetle
  7157 | D:8      | Reached skill level 1 in Evocations
  7169 | D:8      | Reached skill level 5 in Dodging
  7473 | D:8      | Noticed Jeremiah
  7498 | D:8      | Killed Jeremiah
  7979 | D:9      | Identified the +6 spear "Bowag" {protect, rF+ rN+ Int+3
                  | Dex-2}
  8112 | D:9      | Noticed Erolcha
  8167 | Lair:1   | Entered Level 1 of the Lair of Beasts
  8255 | Lair:1   | Reached skill level 12 in Unarmed Combat
  8311 | Lair:1   | Reached XP level 11. HP: 81/81 MP: 14/14
  8348 | Lair:1   | Found a frozen archway.
  8393 | IceCv    | Entered an ice cave
  8484 | IceCv    | Learned a level 2 spell: Blink
  8487 | IceCv    | Learned a level 2 spell: Call Imp
  8604 | IceCv    | Reached skill level 5 in Evocations
  8912 | IceCv    | Got Udghiereygh's Guidebook on Called Correspondence
  9163 | Lair:1   | Identified the ring of Uskayaw's Outrage {Str+6 Dex+5}
  9747 | Lair:1   | Noticed a seven-headed hydra
  9766 | Lair:1   | Killed a seven-headed hydra
 10150 | D:10     | Entered Level 10 of the Dungeon
 10757 | D:10     | Found a runed translucent gate.
 10757 | D:10     | Found a runed translucent gate.
 10758 | D:10     | Found a runed translucent gate.
 10758 | D:10     | Noticed Azoth's ghost (journeyman GrFi)
 10998 | D:11     | Reached XP level 12. HP: 85/91 MP: 15/15
 11443 | D:11     | Reached skill level 13 in Unarmed Combat
 12266 | D:12     | Reached skill level 5 in Fighting
 12421 | D:12     | Found a staircase to the Orcish Mines.
 12801 | D:12     | Noticed a boulder beetle
 12812 | D:12     | Killed a boulder beetle
 13090 | Lair:2   | Noticed a six-headed hydra
 13117 | Lair:2   | Killed a six-headed hydra
 13136 | Lair:2   | Found a staircase to the Swamp.
 13445 | Lair:2   | Reached skill level 10 in Shapeshifting
 13820 | Lair:2   | You fall into a shaft and drop 1 floor!
 13820 | Lair:3   | Noticed a boulder beetle
 13846 | Lair:2   | Killed a boulder beetle
 14120 | Lair:2   | Noticed Maggie
 14147 | Lair:2   | Killed Maggie
 14302 | Lair:2   | Found a staircase to the Snake Pit.
 14560 | Lair:3   | Reached XP level 13. HP: 102/103 MP: 16/16
 15206 | Lair:2   | Reached skill level 14 in Unarmed Combat
 16113 | Lair:4   | Found a staircase to the Slime Pits.
 16915 | Lair:5   | Entered Level 5 of the Lair of Beasts
 16924 | Lair:5   | Reached skill level 15 in Unarmed Combat
 17397 | Lair:5   | Reached XP level 14. HP: 111/111 MP: 17/17
 18111 | Lair:5   | Identified the +7 plate armour of Floral Awe {Dex+2}
 18207 | Lair:5   | Reached skill level 10 in Dodging
 18247 | Lair:5   | Reached skill level 10 in Evocations
 19179 | Swamp:1  | Entered Level 1 of the Swamp
 19873 | Orc:1    | Entered Level 1 of the Orcish Mines
 19889 | Orc:1    | Noticed Nergalle
 19910 | Orc:1    | Killed Nergalle
 20112 | Orc:1    | Noticed Harold
 20139 | Orc:1    | Reached skill level 16 in Unarmed Combat
 20147 | Orc:1    | Killed Harold
 20258 | Orc:1    | Noticed cforsyth's ghost (journeyman DjEn)
 20281 | Orc:1    | Found a transporter.
 20284 | Orc:1    | Found a transporter.
 20284 | Orc:1    | Noticed Gastronok
 20332 | Orc:1    | Killed Gastronok
 20522 | Orc:2    | Entered Level 2 of the Orcish Mines
 20669 | Orc:2    | Found a staircase to the Elven Halls.
 21220 | Orc:2    | Reached XP level 15. HP: 93/117 MP: 18/18
 21312 | Orc:2    | Found Ociku's Magic Scroll Emporium.
 21320 | Orc:2    | Bought a scroll of enchant weapon for 97 gold pieces
 21320 | Orc:2    | Bought a scroll of summoning for 123 gold pieces
 21737 | Orc:2    | Found Wejom's Magic Scroll Shoppe.
 21768 | Orc:2    | Bought a scroll of blinking for 97 gold pieces
 21848 | Orc:2    | Found Quecvo Abig's Antique Armour Shop.
 21854 | Orc:2    | Found Yfuriud's Antique Weapon Boutique.
 22126 | D:10     | Killed Azoth's ghost
 22353 | D:9      | Killed Erolcha
 22542 | D:13     | Noticed Nessos
 22623 | D:13     | Acquired 723 gold pieces
 22800 | D:13     | Nessos changed into Nessos the death drake
 22800 | D:13     | Noticed Nessos
 22818 | D:13     | Killed Nessos the death drake
 22883 | D:13     | Found a portal to a secret trove of treasure.
 23259 | D:14     | Found Selufozi's Magic Scroll Boutique.
 23267 | D:14     | Bought a scroll of blinking for 135 gold pieces
 23267 | D:14     | Bought a scroll of blinking for 135 gold pieces
 23323 | D:13     | You paid a toll of 4 scrolls of blinking to enter a
                  | treasure trove
 23324 | Trove    | Entered a treasure trove
 23327 | Trove    | Found the +18 shield of the Gong {Loud rN+ Will+ rCorr
                  | EV-5}
 23329 | Trove    | Identified the +1 pair of gloves of the Gloaming {rElec}
 23342 | Trove    | Identified the +0 pair of gloves of Lilacs {Str+3}
 23356 | Trove    | Identified the +0 hat "Raoheeha" {rCorr}
 23366 | Trove    | Identified the +1 robe of Surprise {^Drain Int+7 Dex-4
                  | SInv}
 23367 | Trove    | Identified the +2 scale mail "Poleps" {-Cast rElec Dex+3
                  | SInv}
 23370 | Trove    | Identified the +2 cloak of the Louse {SInv Stlth+}
 23661 | D:14     | Demolished by a very large slime creature

Illustrated notes

Levels and vault maps discovered:
D:1:      elethiomel_arrival_infinity_welcomes_careful_drivers, layout_rooms,
          serial_shops, shop, nicolae_shop_drivethru, hangedman_feature_mirror
D:2:      layout_basic, basic_altar, dk_noncrumbling_3,
          ebering_dispersal_statue_hall, minivault_27, st_stairs_5,
          uniq_crazy_yiuf_cottage, uniq_robin, uniq_jessica
D:3:      layout_loops_cross, lemuel_coloured_pillars_altar, serial_shops, shop,
          minmay_box_of_dots
D:4:      layout_basic
D:5:      layout_basic, nicolae_overflow_crystal_walls,
          mainiacjoe_overflow_tiny_flanked, temple_fountains
D:6:      minmay_chambers_of_fours, layout_cave_pools, nicolae_nh_ransacked_shop
D:7:      layout_basic, uniq_prince_ribbit1
D:8:      layout_basic, vehumet_statue, chequers_temple_overflow_minitemple,
          dpeg_oklobed_lair, uniq_jeremiah, uniq_amaemon, uniq_pikel
D:9:      layout_gridville, minmay_holes, uniq_erolcha
D:10:     layout_rooms, nicolae_gozag_cash_rules_everything_around_me,
          gammafunk_ghost_nasty_kobolds
D:11:     layout_basic, minmay_ruined_shrine
D:12:     layout_basic, orc_0_dummy
D:13:     layout_roguey, nicolae_trove_entry_free_sample, uniq_nessos
D:14:     layout_roguey, grunt_vaults_entry_fortified, serial_shops,
          nicolae_stop_n_shop_2, minmay_misc_feat_columns, uniq_frances
Lair:1:   cheibrodos_lair_river_kwai, layout_concentric_octagons,
          portal_ice_cave_entry_imps, grunt_megastairs_3,
          infiniplex_staircase_pool, serial_bayou_shore_b
Lair:2:   layout_roguey, minmay_swamp_entry_reptiles,
          alex1729_snake_entry_snake, pdpol_lair_cavern_descent,
          serial_bayou_shore_b, serial_bayou_shore_b, uniq_maggie
Lair:3:   layout_regular_city, lemuel_centaur_altar
Lair:4:   layout_gridlike, slime_entry_1, nzn_sisyphean_effort,
          grunt_megastairs_5
Lair:5:   hangedman_lair_tendril_chambers, layout_gridlike,
          hangedman_lair_in_review, special_room [special_room_mythical_zoo]
Swamp:1:  layout_basic_swamp, serial_swamp_ruin, evilmike_swamp_ruin_house_2,
          evilmike_swamp_ruin_house_5, evilmike_swamp_ruin_rubble_1,
          swamp_pool_1_2
Orc:1:    layout_diamond_mine, gammafunk_ghost_wrathful_warriors, uniq_nergalle,
          uniq_gastronok, uniq_harold
Orc:2:    grunt_orc_community_town_hall, layout_caves,
          grunt_orc_community_big_house_1, grunt_orc_community_big_house_1,
          grunt_orc_community_house_2, grunt_orc_community_house_3,
          grunt_orc_community_house_1, grunt_orc_community_house_1,
          grunt_orc_community_house_3, grunt_orc_community_house_3

Skill      XL: |  1  2  3  4  5  6  7  8  9 10 11 12 13 14 15 |
---------------+----------------------------------------------+-----
Unarmed Combat | 2 3 4 5 6 7 9 10 11 12 13 15 16 | 16.5
Shapeshifting  | 3 6 8 9 10 11 12 13 | 13.3
Dodging        | 4 5 7 9 11 | 11.8
Evocations     | 4 7 8 9 10 | 10.0
Fighting       | 3 6 7 |  7.5
Stealth        | |  4.5

Action                     |  1- 3 |  4- 6 |  7- 9 | 10-12 | 13-15 || total
---------------------------+-------+-------+-------+-------+-------++-------
  Melee: Unarmed           |   211 |   200 |   338 |  1013 |  1207 ||  2969
         Punch             |     6 |     3 |    11 |       |     2 ||    22
         Demon whip        |       |       |       |     8 |       ||     8
         Maw               |       |       |       |       |   518 ||   518
         Dagger            |       |       |       |       |     4 ||     4
   Fire: Sling             |       |       |     6 |       |       ||     6
  Throw: Dart              |       |       |    12 |     3 |     3 ||    18
         Boomerang         |       |       |    18 |       |    30 ||    48
         Throwing net      |       |       |     1 |       |     1 ||     2
   Cast: Call Imp          |       |       |       |    16 |    16 ||    32
         Blink             |       |       |       |     1 |     1 ||     2
  Evoke: Wand              |       |       |       |    20 |     3 ||    23
         Lightning rod     |       |       |       |       |     4 ||     4
    Use: Scroll            |       |       |    14 |    10 |     5 ||    29
         Potion            |       |       |       |     3 |       ||     3
   Stab: Held in net/web   |       |       |     2 |       |       ||     2
         Distracted        |       |       |       |     1 |     5 ||     6
         Sleeping          |       |       |       |       |    12 ||    12
 Armour: Chain mail        |   127 |   168 |   234 |       |       ||   529
         Leather armour    |     9 |       |       |       |       ||     9
         Plate armour      |       |       |    11 |       |       ||    11
         Scale mail        |       |       |       |    67 |       ||    67
         Skin              |       |       |       |   350 |   518 ||   868
         Swamp dragon scal |       |       |       |    10 |    52 ||    62
  Dodge: Dodged            |    71 |    98 |   117 |   766 |   860 ||  1912
  Block: Buckler           |       |       |    30 |    13 |   357 ||   400
   Form: Flux              |       |       |       |     1 |       ||     1
         Blade             |       |       |       |     1 |       ||     1
         Maw               |       |       |       |       |     1 ||     1

Table legend: (Time is in decaauts)
 A = Elapsed time spent in this place.
 B = Non-inter-level travel time spent in this place.
 C = Inter-level travel time spent in this place.
 D = Time resting spent in this place.
 E = Time spent auto-exploring this place.
 F = Levels seen in this place.
 G = Mean time per level.
                   A        B        C        D        E       F      G
               +--------+--------+--------+--------+--------+-----+--------+
         Total |  23172 |  21298 |   1874 |   1723 |  12107 |  24 |  965.5 |
       Dungeon |  12990 |  11686 |   1304 |    793 |   7138 |  14 |  927.9 |
          Lair |   7322 |   6898 |    424 |    601 |   3839 |   5 | 1464.4 |
         Swamp |    248 |    224 |     24 |     68 |     70 |   1 |  248.0 |
  Orcish Mines |   1978 |   1857 |    121 |     53 |   1014 |   2 |  989.0 |
         Trove |     96 |     96 |      0 |      0 |      0 |   1 |   96.0 |
      Ice Cave |    537 |    537 |      0 |    206 |     45 |   1 |  537.0 |
               +--------+--------+--------+--------+--------+-----+--------+

Top non-repeatable levels by time:
  Lair:5: 1852 daAuts
     D:8: 1739 daAuts
  Lair:2: 1662 daAuts
  Lair:1: 1350 daAuts
    D:11: 1323 daAuts
  Lair:4: 1312 daAuts
   Orc:2: 1220 daAuts
    D:12: 1217 daAuts
  Lair:3: 1143 daAuts
     D:7: 1054 daAuts
    D:10: 972 daAuts
     D:2: 931 daAuts
     D:3: 903 daAuts
     D:6: 870 daAuts
    D:13: 833 daAuts
